 Dungeon Crawl Stone Soup version 0.21.0-3-g78d12a8 (webtiles) character file.

518 MDvedh the Bolt Thrower (level 7, 0/38 HPs)
             Began as a Kobold Arcane Marksman on Jan 9, 2018.
             Was an Initiate of Fedhas.
             Slain by Pikel
             ... wielding a +1 whip of electrocution
              (6 damage)
             ... on level 4 of the Dungeon.
             The game lasted 00:08:15 (5122 turns).

MDvedh the Bolt Thrower (Kobold Arcane Marksman)    Turns: 5122, Time: 00:08:16

Health: 0/38       AC:  5    Str:  8    XL:     7   Next: 45%
Magic:  17/17      EV: 14    Int: 14    God:    Fedhas [......]
Gold:   240        SH:  0    Dex: 17    Spells: 4/8 levels left

rFire    . . .     SeeInvis .   a - +0 hand crossbow
rCold    . . .     Gourm    .   (shield restricted)
rNeg     . . .     Faith    .   k - +0 leather armour (curse)
rPois    .         Spirit   .   n - +1 helmet
rElec    .         Reflect  .   (no cloak)
rCorr    .         Harm     .   (no gloves)
MR       .....                  (no boots)
Stlth    +.........             (no amulet)
HPRegen  0.12/turn              y - ring of magical power
MPRegen  0.15/turn              (no ring)

@: no status effects
A: small, carnivore
a: Fungal Bloom, Renounce Religion


You were on level 4 of the Dungeon.
You worshipped Fedhas.
Fedhas was noncommittal.
You were not hungry.

You visited 1 branch of the dungeon, and saw 5 of its levels.

You collected 240 gold pieces.

Inventory:

Hand Weapons
 a - a +0 hand crossbow (weapon)
 b - a +2 dagger of freezing
 j - a +2 dagger of flaming
Missiles
 d - 33 bolts (quivered)
Armour
 e - a +0 robe
 k - a cursed +0 leather armour (worn)
 n - a +1 helmet (worn)
Jewellery
 y - a ring of magical power (left hand)
Scrolls
 g - 4 scrolls of identify {unknown}
 i - 4 scrolls of remove curse {unknown}
 l - a scroll of enchant weapon {unknown}
 m - a scroll of blinking {unknown}
 q - 2 scrolls of fog {unknown}
 r - a scroll of torment {unknown}
 v - a scroll of immolation {unknown}
 x - 2 scrolls of teleportation {unknown}
 z - a scroll of random uselessness {unknown}
Potions
 h - a potion of might {unknown}
 o - 3 potions of brilliance {unknown}
 p - a potion of heal wounds {unknown}
 s - a potion of flight {unknown}
 u - 2 potions of degeneration {unknown}
 w - a potion of cancellation {unknown}
Books
 c - a book of Debilitation

   Spells                             Type                      Level
   a - Corona                         Hexes                        1
   b - Slow                           Hexes                        2
   c - Inner Flame                    Hexes/Fire                   3
   d - Portal Projectile              Hexes/Translocation          3
   e - Cause Fear                     Hexes                        4
   f - Leda's Liquefaction            Hexes/Earth                  4
 t - a book of Misfortune

   Spells                             Type                      Level
   a - Confusing Touch                Hexes                        1
   b - Confuse                        Hexes                        3
   c - Gell's Gravitas                Translocation                3
   d - Petrify                        Transmutation/Earth          4
   e - Metabolic Englaciation         Hexes/Ice                    5
   f - Yara's Violent Unravelling     Hexes/Transmutation          5
Comestibles
 f - 8 rations


   Skills:
 - Level 1.1 Fighting
 + Level 6.0 Short Blades
 + Level 7.2 Crossbows
 - Level 2.4 Dodging
 - Level 1.1 Spellcasting
 - Level 3.0 Hexes


You had 4 spell levels left.
You knew the following spells:

 Your Spells              Type           Power        Failure   Level  Hunger
a - Corona                Hex            #......      11%         1    ##.....
b - Portal Projectile     Hex/Tloc       #.....       52%         3    ####...


Dungeon Overview and Level Annotations

Branches:
Dungeon (5/15)
 Temple: D:4-7

Altars:
Cheibriados
Dithmenos
Fedhas
Nemelex Xobeh
Yredelemnul

Annotations:
D:2 1 runed door
D:4 Pikel


Innate Abilities, Weirdness & Mutations

You are small and have problems with some larger weapons.
You are carnivorous and can eat meat at any time.


Message History

Pikel is severely wounded.
Pikel hits you with a whip of electrocution.
Firing (i - inventory):
d - 35 bolts (quivered)
Press: ? - help, Shift-Dir - straight line, f/p - Pikel
Aim: Pikel, wielding a whip of electrocution, wearing a robe and carrying a wand of digging (17) (severely wounded)
You shoot a bolt. The bolt barely misses Pikel.
Pikel hits you with a whip of electrocution.
You are electrocuted!
* * * LOW HITPOINT WARNING * * *
You are too injured to fight recklessly!
You are too injured to fight recklessly!
You are too injured to fight recklessly!
You are too injured to fight recklessly!
Firing (i - inventory):
d - 34 bolts (quivered)
Press: ? - help, Shift-Dir - straight line, f/p - Pikel
Aim: Pikel, wielding a whip of electrocution, wearing a robe and carrying a wand of digging (17) (severely wounded)
You shoot a bolt. The bolt barely misses Pikel.
Pikel hits you with a whip of electrocution.
You die...
Fedhas appreciates your contribution to the ecosystem.

#.#.#.###..........
#.#...# #...##.....
#.###.# #...##.....
#.###.# #...###'###
####.##..# #...# #.##.
##.#.#.#.####...###..#.
#......................
###.......###########..#
#......@...# #.....#
#.#.....K.## #.###..
#........(.# #.####.
#.#.......########......
#...........รท.....####..
#.#.#.#.#.#.......#<....
#....####.##..#.#+#..###
######....##..#......###
#.########.........


You could see Pikel.

Vanquished Creatures
  A slave (D:5)
  A phantom (D:4)
  A scorpion (D:5)
  2 bullfrog skeletons
  3 orc wizards (D:5)
  4 worker ants
  2 hound skeletons
  A howler monkey skeleton (D:5)
  An adder (D:2)
  4 oozes
  2 worms
  A leopard gecko (D:4)
  8 orcs
  4 giant cockroaches
  5 goblins
  8 hobgoblins
  7 jackals
  6 kobolds
  3 quokkas
  5 bats
  4 frilled lizards
  A kobold skeleton (D:2)
  6 rats
80 creatures vanquished.

Vanquished Creatures (others)
  27 toadstools
27 creatures vanquished.

Grand Total: 107 creatures vanquished

Notes
Turn   | Place    | Note
-------+----------+-------------------------------------------
     0 | D:1      | MDvedh the Kobold Arcane Marksman began the quest for the Orb.
     0 | D:1      | Reached XP level 1. HP: 12/12 MP: 2/2
    96 | D:1      | Reached skill level 3 in Crossbows
    97 | D:1      | Reached XP level 2. HP: 7/16 MP: 3/3
   682 | D:1      | Reached skill level 4 in Crossbows
   682 | D:1      | Reached XP level 3. HP: 18/20 MP: 4/4
   687 | D:1      | Learned a level 3 spell: Portal Projectile
  1239 | D:2      | Found a runed door.
  1239 | D:2      | Found a basalt altar of Yredelemnul.
  1239 | D:2      | Noticed a human
  1315 | D:2      | Reached skill level 1 in Short Blades
  1540 | D:2      | Reached XP level 4. HP: 25/25 MP: 5/5
  2480 | D:3      | Found a snail-covered altar of Cheibriados.
  2480 | D:3      | Found a blossoming altar of Fedhas.
  2499 | D:3      | Found a sparkling altar of Nemelex Xobeh.
  2499 | D:3      | Found a shadowy altar of Dithmenos.
  2503 | D:3      | Became a worshipper of Fedhas Madash
  3039 | D:3      | Reached skill level 5 in Crossbows
  3392 | D:4      | Reached XP level 5. HP: 28/29 MP: 6/6
  3920 | D:4      | Noticed a phantom
  3935 | D:4      | Killed a phantom
  3935 | D:4      | Reached skill level 6 in Crossbows
  3935 | D:4      | Reached XP level 6. HP: 28/34 MP: 7/7
  4111 | D:5      | Entered Level 5 of the Dungeon
  4249 | D:5      | Reached skill level 5 in Short Blades
  4251 | D:5      | Reached XP level 7. HP: 15/38 MP: 8/8
  4272 | D:5      | HP: 1/38 [orc wizard/magic dart (4)]
  4366 | D:5      | Reached skill level 7 in Crossbows
  4391 | D:5      | Reached * piety under Fedhas
  5085 | D:5      | Noticed Pikel
  5122 | D:4      | Slain by Pikel

Skill      XL: |  1  2  3  4  5  6  7 |
---------------+----------------------+-----
Crossbows      | 3 4 5 6 7 |  7.2
Short Blades   | 1 2 4 5 6 |  6.0
Fighting       | |  1.1
Dodging        | |  2.4
Spellcasting   | |  1.1
Hexes          | |  3.0

Action                   |  1- 3 |  4- 6 |  7- 9 || total
-------------------------+-------+-------+-------++-------
Melee: Dagger            |    94 |   168 |    51 ||   313
 Fire: Hand crossbow     |    10 |    51 |    42 ||   103
Invok: Fungal Bloom      |       |    12 |     4 ||    16
  Use: Potion            |       |     1 |     1 ||     2
 Stab: Sleeping          |     1 |     2 |       ||     3
  Eat: Chunk             |     2 |     8 |     6 ||    16
Armor: Robe              |    11 |       |       ||    11
       Leather armour    |     5 |    38 |    10 ||    53
Dodge: Dodged            |    84 |   125 |    40 ||   249
